 Dungeon Crawl Stone Soup version 0.28.0 (webtiles) character file.

Game seed: 5459581152334487566

31301 Hasart the Carver (level 12, -11/101 HPs)
             Began as a Demigod Fighter on Feb 12, 2022.
             Mangled by a white ugly thing (29 damage)
             ... on level 13 of the Dungeon.
             The game lasted 00:46:32 (19255 turns).

Hasart the Carver (Demigod Fighter)                Turns: 19255, Time: 00:46:33

Health: -11/101    AC: 17    Str: 27    XL:     12   Next: 97%
Magic:  24/24      EV: 15    Int: 10    God:
Gold:   795        SH: 13    Dex: 25    Spells: 7/11 levels left

rFire   . . .      SeeInvis .   S - +6 long sword of Ithragih {vamp, rElec Will+ MP+9 Dex-2 Stlth+}
rCold   . . .      Faith    .   N - +0 kite shield
rNeg    . . .      Spirit   .   o - +1 plate armour
rPois   .          Reflect  .   x - +0 helmet
rElec   +          Harm     .   (no cloak)
rCorr   .          Rampage  .   e - +0 pair of gloves
Will    ++...                   (no boots)
Stlth   ..........              (no amulet)
HPRegen 0.26/turn               s - +4 ring of evasion
MPRegen 0.19/turn               k - +6 ring of dexterity

@: no status effects
A: high MP 1, forlorn, divine attributes, strong 1
a: no special abilities


You were on level 13 of the Dungeon.
You visited 2 branches of the dungeon, and saw 15 of its levels.
You visited the Abyss 1 time.
You also visited: Bailey.

You collected 1473 gold pieces.
You spent 678 gold pieces at shops.

Inventory:

Hand Weapons
 a - a +0 long sword
 d - a +4 scimitar
 t - a +4 great sword
 S - the +6 long sword of Ithragih (weapon) {vamp, rElec Will+ MP+9 Dex-2 Stlth+}
   (You bought it in a shop on level 1 of the Orcish Mines)

   It occasionally heals its wielder for a portion of the damage dealt when it
   wounds a living foe.
   Dex:       It affects your dexterity (-2).
   rElec:     It insulates you from electricity.
   MP:        It affects your magic capacity (+9).
   Will:      It increases your willpower.
   Stlth:     It makes you more stealthy.
Missiles
 v - a throwing net
 y - 4 javelins (quivered)
 D - 4 poisoned darts
 U - 5 curare-tipped darts
Armour
 e - a +0 pair of gloves (worn)
 o - a +1 plate armour (worn)
 x - a +0 helmet (worn)
 N - a +0 kite shield (worn)
Jewellery
 k - a +6 ring of dexterity (right hand)
 s - a +4 ring of evasion (left hand)
 K - a ring of fire
 M - a ring of resist corrosion
 O - a +6 ring of intelligence
 Q - a +4 ring of evasion
 T - a +4 ring of evasion
 V - a ring of willpower
Wands
 c - a wand of acid (2)
 n - a wand of digging (4)
 I - a wand of charming (2)
 R - a wand of paralysis (7)
Scrolls
 b - 6 scrolls of identify
 f - 8 scrolls of enchant weapon
 g - 4 scrolls of enchant armour
 h - a scroll of magic mapping
 i - a scroll of holy word
 j - 3 scrolls of fear
 p - a scroll of blinking
 C - a scroll of torment
 H - 3 scrolls of summoning
 J - a scroll of teleportation
 L - a scroll of vulnerability
Potions
 l - a potion of lignification
 m - 2 potions of haste
 q - 6 potions of curing
 r - a potion of resistance
 u - a potion of ambrosia {unknown}
 w - 4 potions of magic
 z - a potion of berserk rage {unknown}
 A - 3 potions of might
 B - 3 potions of flight {unknown}
 E - a potion of heal wounds
 F - a potion of cancellation {unknown}
 G - a potion of invisibility {unknown}
Miscellaneous
 P - a condenser vane


   Skills:
 + Level 8.1 Fighting
 * Level 11.2 Long Blades
 + Level 7.4 Throwing
 + Level 8.2 Armour
 + Level 7.6 Dodging
 + Level 8.3 Shields
 + Level 0.1 Spellcasting
 + Level 0.1 Translocations
 + Level 0.1 Transmutations
 + Level 5.5 Evocations


You had 7 spell levels left.
You knew the following spells:

 Your Spells              Type           Power      Damage    Failure   Level
a - Blink                 Tloc           0%         N/A       100%        2
q - Wereblood             Tmut           0%         N/A       100%        2

Your spell library contained the following spells:

 Spells                   Type           Power      Damage    Failure   Level
 Sandblast                Erth           0%         2d4       100%        1
 Slow                     Hex            0%         N/A       100%        1
 Passwall                 Tmut/Erth      0%         N/A       100%        2
 Sublimation of Blood     Necr           0%         N/A       100%        2
 Confusing Touch          Hex            0%         N/A       100%        3
 Frozen Ramparts          Ice            0%         1d2       100%        3
 Lesser Beckoning         Tloc           0%         N/A       100%        3
 Ozocubu's Armour         Ice            0%         N/A       100%        3
 Stone Arrow              Conj/Erth      0%         3d7       100%        3
 Vampiric Draining        Necr           0%         2d6       100%        3
 Ice Form                 Ice/Tmut       0%         N/A       100%        4
 Leda's Liquefaction      Hex/Erth       0%         N/A       100%        4
 Summon Ice Beast         Ice/Summ       0%         N/A       100%        4
 Lee's Rapid Deconstruct  Erth           0%         3d5*      100%        5
 Manifold Assault         Tloc           0%         N/A       100%        5
 Statue Form              Tmut/Erth      0%         N/A       100%        6
 Ozocubu's Refrigeration  Ice            0%         4d5       100%        7
 Summon Hydra             Summ           0%         N/A       100%        7


Dungeon Overview and Level Annotations

Branches:
Dungeon (13/15)            Temple (0/1) D:7            Lair (0/6) D:10
    Orc (2/2) D:9             Elf (0/3) Orc:2        Vaults (0/5) D:13
 Bailey (visited)

Shops:
D:8 *   Orc:1 (   Orc:2 *:![

Portals:
Pandemonium: Orc:2
Gauntlet: D:13

Annotations:
D:11 3 runed translucent doors, Nebukadnezar's ghost, journeyman MiWn


Innate Abilities, Weirdness & Mutations

You have an increased reservoir of magic. (+10% MP)
You shall have no god before yourself.
Your divine heritage dramatically boosts your attributes as you level up.
Your muscles are strong. (Str +2)


Message History

The boulder beetle hits you!!
* * * LOW HITPOINT WARNING * * *
The boulder beetle stops rolling and uncurls.
Aiming: Charm
Press: ? - help, Shift-Dir - straight line, f/p - boulder beetle
Aim: a boulder beetle (chance to affect: 45%)
The boulder beetle resists with some effort.
The boulder beetle bites you!
* * * LOW HITPOINT WARNING * * *
Aiming: Charm
Press: ? - help, Shift-Dir - straight line, f/p - boulder beetle
Aim: a boulder beetle (chance to affect: 45%)
The boulder beetle resists with some effort.
The boulder beetle bites you but does no damage.
There's nothing to close nearby.
Aiming: Charm
Press: ? - help, Shift-Dir - straight line, f/p - boulder beetle
Aim: a boulder beetle (chance to affect: 45%)
The boulder beetle is charmed.
You open the door.
There is an open door here.
What are your orders? t - Shout!
Orders for allies: a - Attack new target. p - Attack previous target. r - Retreat! s - Stop attacking. g - Guard the area. f - Follow me.
Anything else - Cancel.
Retreat in which direction?
Press: ? - help, Dir - move target, p - boulder beetle Fall back!
You close the door.
A white ugly thing comes into view.
Found a gate leading to a gauntlet.
The white ugly thing gurgles horribly!
You block the white ugly thing's attack.
There is an open door here.
The white ugly thing headbutts you.
* * * LOW HITPOINT WARNING * * *
The white ugly thing freezes you!!
You die...

.#,,,,,,,,+,,,#.......#..#
.#,,,,,,,,*,,,+.......#..#
,*,,,,,,,,*,,,#.......#..#
,**,,**,,*#####.......#..#
,,*,,*****#......######..#
,,*,,*,,,,#......#.......#
,,*,,*,,,,#......#.......#
,,*,,*,,,.#.....u'.......#
,,*,,*,,,.'.....@#.......#
,,*******^#......#..###..#
,** *,##.....#..#*#..# ,*
*..'.....#...,#..# ,*
*..#.....#....#..# ,*
*.,#.....#....#..# ,*
*,,#∩....#....#..# ,*
***#.....######### **
*******


You could see a white ugly thing.

Vanquished Creatures
  Kirke (D:12)
  A hydra (D:12)
  3 demonspawn (Orc:2)
  A two-headed ogre (D:11)
  7 orc high priests
  Sonja (D:10)
  A sixfirhy (Orc:2)
  5 orc knights
  2 deep elf pyromancers
  5 orc sorcerers (Orc:2)
  An ugly thing (D:12)
  A cyclops (D:11)
  2 manticores
  An unseen horror (D:10)
  3 kobold demonologists (D:12)
  A demonic crawler (Abyss:2)
  A hellwing (Orc:2)
  3 hornets (D:9)
  A queen bee (shapeshifter) (D:12)
  5 trolls
  A culicivora (shapeshifter) (D:12)
  A vampire (D:12)
  A hog (D:12)
  17 yaks
  A wraith (D:12)
  A ynoxinul (Orc:2)
  A basilisk (D:9)
  3 vampire mosquitoes (D:12)
  Menkaure (D:5)
  2 acid dragons (D:12)
  A warg (Orc:2)
  37 orc warriors
  2 ice beasts
  A sky beast (D:5)
  A black bear (D:6)
  A necrophage (D:8)
  6 ogres
  4 wolves (D:10)
  4 centaurs
  2 phantoms
  2 kobold brigands
  4 bullfrogs
  A gnoll sergeant (D:8)
  A scorpion (D:5)
  A water moccasin zombie (D:5)
  4 killer bees
  8 wights
  2 electric eels (D:10)
  A bullfrog zombie (D:6)
  4 hounds
  4 jellies
  3 centaur zombies
  A centaur skeleton (D:4)
  24 orc priests
  2 bullfrog skeletons (D:5)
  Jessica (D:3)
  3 iguanas
  25 orc wizards
  Robin (D:4)
  4 gnolls (D:8)
  6 adders
  A howler monkey skeleton (D:5)
  A shadow imp (D:5)
  An ufetubus (D:5)
  4 dart slugs
  84 orcs
  9 bats
  6 endoplasms
  5 giant cockroaches
  19 goblins
  9 hobgoblins
  4 quokkas
  7 ball pythons
  A frilled lizard (D:2)
  10 kobolds
  A rat (D:2)
398 creatures vanquished.

Vanquished Creatures (others)
  5 humans (D:12)
  A hound (D:10)
  An orc wizard (D:5)
  An orc (D:12)
8 creatures vanquished.

Grand Total: 406 creatures vanquished

Notes
Turn   | Place    | Note
-------+----------+-------------------------------------------
     0 | D:1      | Hasart the Demigod Fighter began the quest for the Orb.
     0 | D:1      | Reached XP level 1. HP: 18/18 MP: 3/3
   406 | D:1      | Reached skill level 2 in Long Blades
   451 | D:1      | Reached XP level 2. HP: 19/25 MP: 4/4
  1312 | D:2      | Reached XP level 3. HP: 27/30 MP: 5/5
  1784 | D:3      | Reached skill level 1 in Dodging
  2196 | D:3      | Noticed Jessica
  2205 | D:3      | Killed Jessica
  2206 | D:3      | Reached XP level 4. HP: 7/38 MP: 6/6
  2685 | D:4      | Reached skill level 3 in Long Blades
  2685 | D:4      | Reached skill level 1 in Throwing
  2939 | D:4      | Reached XP level 5. HP: 45/45 MP: 7/7
  3372 | D:4      | Reached XP level 6. HP: 23/51 MP: 8/8
  3784 | D:4      | Noticed Robin
  3795 | D:4      | Killed Robin
  3796 | D:4      | Reached skill level 4 in Long Blades
  3952 | D:5      | Entered Level 5 of the Dungeon
  4052 | D:5      | Reached XP level 7. HP: 54/58 MP: 9/9
  4906 | D:5      | Reached skill level 5 in Long Blades
  5007 | D:5      | Noticed Menkaure
  5015 | D:5      | Killed Menkaure
  5016 | D:5      | Reached XP level 8. HP: 62/67 MP: 10/10
  6339 | D:6      | Reached skill level 6 in Long Blades
  6705 | D:6      | Reached skill level 5 in Armour
  6966 | D:7      | Reached skill level 5 in Shields
  6974 | D:7      | Reached skill level 5 in Fighting
  7025 | D:7      | Reached XP level 9. HP: 71/74 MP: 11/11
  7088 | D:7      | Found a flagged portal.
  7190 | Bailey   | Entered a bailey
  7484 | Bailey   | Noticed an orc knight
  7514 | Bailey   | Killed an orc knight
  7515 | Bailey   | Reached skill level 7 in Long Blades
  8190 | D:7      | Found a staircase to the Ecumenical Temple.
  9150 | D:8      | Found Recatoopt's Assorted Antiques.
  9158 | D:8      | Bought a long bone wand for 96 gold pieces
  9189 | D:9      | Paralysed by a hornet for 1 turns
  9402 | D:9      | Reached XP level 10. HP: 70/83 MP: 13/13
  9405 | D:9      | Reached skill level 5 in Dodging
  9416 | D:9      | Reached skill level 1 in Evocations
  9593 | D:9      | Found a staircase to the Orcish Mines.
  9715 | D:9      | Reached skill level 5 in Throwing
  9797 | D:9      | Reached skill level 8 in Long Blades
 10708 | D:10     | Entered Level 10 of the Dungeon
 10735 | Orc:1    | Entered Level 1 of the Orcish Mines
 11470 | Orc:1    | Found Caexusot's Antique Weapon Boutique.
 11479 | Orc:1    | Bought a dazzling long sword for 246 gold pieces
 11479 | Orc:1    | Identified the +6 long sword of Ithragih {vamp, rElec Will+
                  | MP+9 Dex-2 Stlth+} (You bought it in a shop on level 1 of
                  | the Orcish Mines)
 11496 | Orc:1    | Noticed an orc high priest
 11531 | Orc:1    | Gained mutation: Your muscles are strong. (Str +2) [a
                  | neqoxec]
 11550 | Orc:1    | Killed an orc high priest
 11987 | Orc:2    | Entered Level 2 of the Orcish Mines
 12545 | Orc:2    | Found a staircase to the Elven Halls.
 12803 | Orc:2    | Noticed an orc knight
 12837 | Orc:2    | Reached XP level 11. HP: 78/91 MP: 14/14
 12850 | Orc:2    | Killed an orc knight
 13021 | Orc:2    | Found Mofifif's General Store.
 13381 | Orc:2    | Reached skill level 9 in Long Blades
 13512 | Orc:2    | Found Wisalujo's Distillery.
 13886 | Orc:2    | Noticed a sixfirhy
 13987 | Orc:2    | Bought a scroll of enchant weapon for 112 gold pieces
 13989 | Orc:2    | Bought a potion of curing for 48 gold pieces
 13989 | Orc:2    | Bought a potion of curing for 48 gold pieces
 13989 | Orc:2    | Bought a potion of curing for 48 gold pieces
 13989 | Orc:2    | Bought a potion of heal wounds for 80 gold pieces
 14013 | Orc:2    | Noticed an orc high priest
 14026 | Orc:2    | Killed a sixfirhy
 14040 | Orc:2    | Killed an orc high priest
 14180 | Orc:2    | Noticed an orc high priest
 14180 | Orc:2    | Noticed an orc knight
 14180 | Orc:2    | Noticed an orc high priest
 14205 | Orc:2    | Noticed a soul eater
 14206 | Orc:2    | Killed an orc knight
 14207 | Orc:2    | Killed an orc high priest
 14216 | Orc:2    | Killed an orc high priest
 14397 | Orc:2    | Noticed an orc knight
 14451 | Orc:2    | Killed an orc knight
 14530 | Orc:2    | Noticed an orc high priest
 14549 | Orc:2    | Killed an orc high priest
 14564 | Orc:2    | Noticed an orc high priest
 14606 | Orc:2    | Noticed an orc knight
 14608 | Orc:2    | Noticed a demonspawn
 14610 | Orc:2    | Noticed a soul eater
 14611 | Orc:2    | Noticed a demonspawn
 14613 | Orc:2    | Killed an orc high priest
 14614 | Orc:2    | Reached skill level 10 in Long Blades
 14614 | Orc:2    | Noticed a demonspawn
 15165 | Orc:2    | Noticed an orc high priest
 15222 | Orc:2    | Killed a demonspawn
 15223 | Orc:2    | Reached XP level 12. HP: 29/100 MP: 15/15
 15548 | Orc:2    | Killed a demonspawn
 15843 | Orc:2    | Killed a demonspawn
 15915 | Orc:2    | Found Kogirgh's Book Shoppe.
 15915 | Orc:2    | Found Puiropn's Antique Armour Emporium.
 15916 | Orc:2    | Found a one-way gate leading to the halls of Pandemonium.
 16303 | D:10     | Found a staircase to the Lair.
 16634 | D:10     | Noticed Sonja
 16644 | D:10     | Cast into level 2 of the Abyss (Sonja)
 16725 | D:10     | Escaped the Abyss
 16729 | D:10     | Killed Sonja
 17175 | D:11     | Noticed Nebukadnezar's ghost (journeyman MiWn)
 17186 | D:11     | Found a runed translucent gate.
 17186 | D:11     | Found a runed translucent gate.
 17186 | D:11     | Found a runed translucent gate.
 17251 | D:11     | Reached skill level 5 in Evocations
 17906 | D:12     | Reached skill level 11 in Long Blades
 17989 | D:12     | Noticed a six-headed hydra
 18107 | D:12     | Killed a six-headed hydra
 18346 | D:12     | Noticed Kirke
 18381 | D:12     | Killed Kirke
 18658 | D:12     | Learned a level 2 spell: Blink
 18661 | D:12     | Learned a level 2 spell: Wereblood
 18970 | D:13     | Found a gate to the Vaults.
 18979 | D:13     | Noticed a centaur warrior
 19215 | D:13     | Noticed a boulder beetle
 19254 | D:13     | Found a gate leading to a gauntlet.
 19255 | D:13     | Mangled by a white ugly thing

Illustrated notes

Levels and vault maps discovered:
D:1:      dpeg_arrival_leaves_temple_mockup, layout_basic,
          ebering_ecumenical_altar_webs, chequers_serial_rivers_micro_b,
          lemuel_another_geyser
D:2:      layout_basic
D:3:      layout_rooms, grunt_decor_one_mirror, uniq_jessica
D:4:      layout_basic, hangedman_decor_growths, minmay_misc_feat_plants,
          uniq_robin
D:5:      minmay_diamond_boxcup, layout_basic, uniq_menkaure
D:6:      layout_basic, nzn_wu_jian_contemplation,
          chequers_serial_rivers_small_a, grunt_decor_cap,
          hangedman_decor_diamond_cutter
D:7:      layout_cave_pools, minmay_temple_entry_drinking_statues,
          enter_bailey_5, skrybe_limestone_x, minmay_misc_feat_more_columns,
          hellmonk_bongcloud_opening
D:8:      layout_basic, serial_shops, nicolae_diamond_shop,
          amcnicky_mini_corridor_feature
D:9:      layout_gridville, orc_0_dummy
D:10:     layout_big_octagon, erik_lair_island, uniq_sonja
D:11:     layout_roguey, gammafunk_ghost_icy
D:12:     layout_loops_ring, uniq_kirke
D:13:     layout_gridville, david_vaults_2, gauntlet_entry_generic, uniq_maurice
Orc:1:    layout_diamond_mine, serial_shops, nicolae_square_shop,
          minmay_orc_keep
Orc:2:    pf_orc_diabolical, layout_caves, basic_altar

Skill      XL: |  1  2  3  4  5  6  7  8  9 10 11 12 |
---------------+-------------------------------------+-----
Long Blades    | 2 3 4 5 6 7 8 10 11 | 11.2
Fighting       | 3 4 5 6 7 8 |  8.1
Armour         | 3 4 5 6 7 8 |  8.2
Dodging        | 1 2 3 4 5 6 7 |  7.6
Shields        | 3 4 5 6 7 8 |  8.3
Throwing       | 1 2 3 4 5 6 7 |  7.4
Evocations     | 2 4 5 |  5.5
Spellcasting   | |  0.1
Translocations | |  0.1
Transmutations | |  0.1

Action                   |  1- 3 |  4- 6 |  7- 9 | 10-12 || total
-------------------------+-------+-------+-------+-------++-------
Melee: Long sword        |   129 |    83 |       |   747 ||   959
       Great sword       |       |    40 |   114 |       ||   154
       Scimitar          |       |       |   243 |   127 ||   370
Throw: Dart              |     3 |       |    20 |    34 ||    57
       Javelin           |       |       |     9 |    24 ||    33
       Throwing net      |       |       |       |     2 ||     2
Evoke: Wand              |       |       |       |    24 ||    24
       Condenser vane    |       |       |       |     1 ||     1
  Use: Scroll            |       |     7 |     9 |     2 ||    18
       Potion            |       |     1 |     3 |     5 ||     9
 Stab: Held in net/web   |       |       |       |     2 ||     2
Armor: Scale mail        |    30 |       |       |       ||    30
       Plate armour      |    34 |    85 |   175 |   365 ||   659
Dodge: Dodged            |    51 |    30 |   256 |   417 ||   754
Block: Buckler           |    39 |    19 |    96 |       ||   154
       Kite shield       |       |       |     4 |   596 ||   600
